 Dungeon Crawl Stone Soup version 0.27.1-33-g824d729ab1 (webtiles) character file.

Game seed: 7945027775850285210

3199 belegose the Skirmisher (level 10, -1/75 HPs)
             Began as a Djinni Fighter on Dec 9, 2021.
             Was an Initiate of Makhleb.
             Slain by a killer bee (7 damage)
             ... on level 8 of the Dungeon.
             The game lasted 00:22:20 (11191 turns).

belegose the Skirmisher (Djinni Fighter)           Turns: 11191, Time: 00:22:20

Health: -1/75      AC:  9    Str: 15    XL:     10   Next: 17%
Gold:   545        EV:  9    Int: 19    God:    Makhleb [......] SH:  0 Dex: 14

rFire    + . .     SeeInvis .   a - +8 quarterstaff "Issuur" {elec, rF- Int+7}
rCold    x . .     Faith    .   (shield currently unavailable)
rNeg     . . .     Spirit   .   o - +0 scale mail
rPois    ∞         Reflect  .   (no helmet)
rElec    .         Harm     .   x - +0 cloak
rCorr    .         Rampage  .   y - +0 pair of gloves
Will     +....                  (boots unavailable)
Stlth    ..........             (no amulet)
HPRegen  0.22/turn              j - +4 ring of slaying
MPRegen  0.00/turn              (no ring)

@: mighty, about to teleport, flying
A: sickness immunity, fire resistance 2, cold vulnerability 1, float, innate
caster, hp casting, extra vitality 1
a: Renounce Religion


You were on level 8 of the Dungeon.
You worshipped Makhleb.
Makhleb was noncommittal.
You visited 2 branches of the dungeon, and saw 9 of its levels.

You collected 545 gold pieces.

Inventory:

Hand Weapons
 a - the +8 quarterstaff "Issuur" (weapon) {elec, rF- Int+7}
   (You found it on level 6 of the Dungeon)

   It occasionally discharges a powerful burst of electricity upon striking a
   foe.
   Int:       It affects your intelligence (+7).
   rF:        It makes you vulnerable to fire.
 b - a +1 dagger of venom
 w - a +0 long sword
Missiles
 g - 389 stones
 p - 25 poisoned darts (quivered)
 r - 2 throwing nets
 v - 2 curare-tipped darts
 E - 3 silver boomerangs
Armour
 c - a +0 kite shield
 o - a +0 scale mail (worn)
 x - a +0 cloak (worn)
 y - a +0 pair of gloves (worn)
Jewellery
 i - a ring of fire
 j - a +4 ring of slaying (left hand)
Wands
 C - a wand of flame (40)
Scrolls
 e - a scroll of noise {unknown}
 k - a scroll of blinking {unknown}
 l - 2 scrolls of fog {unknown}
 m - a scroll of identify
 n - 3 scrolls of teleportation
 q - a scroll of summoning {unknown}
 s - a scroll of enchant weapon {unknown}
 t - a scroll of holy word {unknown}
 u - a scroll of fear {unknown}
 z - 2 scrolls of magic mapping {unknown}
 D - a scroll of enchant armour {unknown}
Potions
 f - a potion of haste
 h - a potion of invisibility {unknown}
 A - 2 potions of curing
 B - 2 potions of resistance


   Skills:
 + Level 7.2 Fighting
 - Level 3.6(4.0) Short Blades
 - Level 2.3(3.4) Long Blades
 + Level 3.0 Staves
 + Level 4.9 Throwing
 - Level 4.7 Armour
 - Level 4.4 Shields
 + Level 4.7 Spellcasting
 + Level 1.7 Invocations


You had 10 spell levels left.
You knew the following spells:

 Your Spells              Type           Power      Damage    Failure   Level
a - Sandblast             Erth           44%        2d11      6%          1
b - Wereblood             Tmut           22%        N/A       10%         2
c - Ensorcelled Hibernat  Hex/Ice        44%        N/A       10%         2
d - Summon Guardian Gole  Hex/Summ       22%        N/A       19%         3
Your spell library was empty.

Dungeon Overview and Level Annotations

Branches:
Dungeon (8/15)             Temple (1/1) D:7
   Lair: D:8-11

Altars:
Ashenzari
Cheibriados
Dithmenos
Elyvilon
Fedhas
Gozag
Hepliaklqana
Kikubaaqudgha
Makhleb
Nemelex Xobeh
Okawaru
Qazlal
Ru
Sif Muna
Trog
Uskayaw
Vehumet
Wu Jian
Xom
Yredelemnul
Zin
The Shining One

Shops:
D:5 (

Annotations:
D:4 exclusion: door
D:7 1 runed translucent door, safid's ghost, novice HOFi


Innate Abilities, Weirdness & Mutations

You are immune to sickness and miasma.
You are immune to poison.
Your flesh is very heat resistant. (rF++)
You are vulnerable to cold. (rC-)
You float through the air rather than walking.
You learn spells naturally, not from books.
Your magical power is your life essence.
You have superior vitality. (+4 HP)


Message History

A killer bee comes into view.
The killer bee barely misses you.
The howler monkey hits you but does no damage.
The wight hits you from afar with a +3 trident of freezing.
The wight freezes you.
A killer bee comes into view.
The killer bee buzzes angrily.
You bludgeon the howler monkey!!
Lightning courses through the howler monkey!
You kill the howler monkey!
Makhleb accepts your kill. The killer bee stings you!
A centaur simulacrum comes into view.
The killer bee stings you but does no damage.
The wight hits you but does no damage. The killer bee stings you.
The centaur simulacrum moves out of view.
Your Staves skill increases to level 3!
The wight hits you with a +3 trident of freezing.
The wight freezes you. The killer bee stings you.
You sock the wight!
The wight is almost destroyed.
The killer bee stings you.
* * * LOW HITPOINT WARNING * * *
The wight hits you but does no damage. The killer bee stings you.
* * * LOW HITPOINT WARNING * * *
The wight hits you with a +3 trident of freezing.
* * * LOW HITPOINT WARNING * * *
The wight freezes you.
* * * LOW HITPOINT WARNING * * *
You bludgeon the wight!!
You destroy the wight!
Makhleb accepts your kill. The killer bee stings you.
* * * LOW HITPOINT WARNING * * *
The killer bee barely misses you.
Unknown command.
As you read the scroll of teleportation, it crumbles to dust.
You feel strangely unstable. The killer bee barely misses you.
The killer bee stings you!
You die...

#...# ####.#...
#.######.. .....###
...)...#.# .....
#..###.#.# #..# # ##.#
#.#.### #)#.# #.#
#.....#####!#.#####
#.###.....#...†z.......
#.##........###h#.####.
#.##......### #@#.#
#.##......# #y# #
#.##.....## #y#
#.###.#..# #y# .......
... #...... ... #......
#.#.# #. .. #. .#


You could see a polar bear, 3 killer bees and a wight.

Vanquished Creatures
  A wyvern (D:6)
  2 ice beasts
  2 necrophages
  An ogre (D:6)
  A wolf (D:7)
  A phantom (D:5)
  2 kobold brigands
  2 bullfrogs
  4 scorpions
  A water moccasin zombie (D:6)
  9 killer bees
  7 wights
  4 howler monkeys
  A centaur zombie (D:8)
  A bullfrog zombie (D:4)
  A wyvern simulacrum (D:8)
  4 hounds
  A centaur skeleton (D:7)
  Crazy Yiuf (D:3)
  2 orc priests
  A bullfrog skeleton (D:7)
  3 orc wizards (D:7)
  Terence (D:3)
  4 iguanas
  A hound zombie (D:5)
  2 hound skeletons (D:4)
  2 howler monkey zombies
  A killer bee simulacrum (D:8)
  20 gnolls
  5 adders
  2 white imps
  An ufetubus (D:8)
  A worm (D:2)
  5 dart slugs
  13 orcs
  A bat (D:1)
  4 endoplasms (D:2)
  2 giant cockroaches
  41 goblins
  26 hobgoblins
  2 jackals (D:2)
  8 kobolds
  6 quokkas
  8 ball pythons
  3 frilled lizards
  3 rats
214 creatures vanquished.

Notes
Turn   | Place    | Note
-------+----------+-------------------------------------------
     0 | D:1      | belegose the Djinni Fighter began the quest for the Orb.
     0 | D:1      | Reached XP level 1. HP: 20/20 MP: 0/0
    89 | D:1      | Reached XP level 2. HP: 25/25 MP: 0/0
   317 | D:1      | Found a faded altar of an unknown god.
   319 | D:1      | Noticed a great orb of eyes
   356 | D:1      | Noticed an eye of devastation
   360 | D:1      | Noticed a floating eye
   360 | D:1      | Noticed a floating eye
   421 | D:1      | Reached XP level 3. HP: 29/30 MP: 0/0
   421 | D:1      | Learned a level 1 spell: Sandblast
  1153 | D:2      | Reached XP level 4. HP: 28/35 MP: 0/0
  2262 | D:3      | Noticed Terence
  2269 | D:3      | Killed Terence
  2270 | D:3      | Reached XP level 5. HP: 34/40 MP: 0/0
  2270 | D:3      | Learned a level 2 spell: Wereblood
  2405 | D:3      | Reached skill level 1 in Spellcasting
  2470 | D:3      | Found a runed translucent door.
  2471 | D:3      | Noticed Crazy Yiuf
  3482 | D:3      | Reached skill level 1 in Short Blades
  3538 | D:3      | Reached skill level 1 in Throwing
  3588 | D:3      | Reached XP level 6. HP: 14/47 MP: 0/0
  4231 | D:3      | Reached skill level 4 in Fighting
  4971 | D:4      | Noticed a necrophage
  5378 | D:3      | Killed a necrophage
  5379 | D:3      | Reached XP level 7. HP: 34/52 MP: 0/0
  5379 | D:3      | Learned a level 2 spell: Ensorcelled Hibernation
  6272 | D:4      | Reached XP level 8. HP: 45/58 MP: 0/0
  6837 | D:5      | Entered Level 5 of the Dungeon
  6927 | D:5      | Reached skill level 5 in Fighting
  7161 | D:5      | Found Pomnau's Antique Weapon Boutique.
  7968 | D:5      | Found a basalt altar of Yredelemnul.
  8005 | D:5      | Reached XP level 9. HP: 60/65 MP: 0/0
  8005 | D:5      | Learned a level 3 spell: Summon Guardian Golem
  8447 | D:6      | Reached skill level 6 in Fighting
  8532 | D:6      | Identified the +8 quarterstaff "Issuur" {elec, rF- Int+7}
  8872 | D:6      | Reached skill level 1 in Staves
  8966 | D:7      | Found a runed translucent door.
  8975 | D:7      | Noticed safid's ghost (novice HOFi)
  9796 | D:7      | Found a staircase to the Ecumenical Temple.
  9998 | Temple   | Entered the Ecumenical Temple
 10181 | Temple   | Became a worshipper of Makhleb the Destroyer
 10392 | D:3      | Killed Crazy Yiuf
 10662 | D:7      | Reached XP level 10. HP: 57/73 MP: 0/0
 10740 | D:8      | Reached skill level 7 in Fighting
 11078 | D:8      | Reached skill level 1 in Invocations
 11191 | D:8      | Slain by a killer bee

Illustrated notes

Levels and vault maps discovered:
D:1:      dpeg_arrival_rooms_c, layout_loops_cross,
          hellmonk_ecumenical_altar_watching_god
D:2:      layout_basic, chequers_serial_rivers_small_a
D:3:      minmay_goblin_kobold_castle, layout_loops_ring, minmay_unequal,
          uniq_terence, uniq_crazy_yiuf_cottage
D:4:      minmay_razor_zed, layout_rooms
D:5:      layout_rooms, mainiacjoe_overflow_alcove_1, serial_shops, shop,
          minivault_25
D:6:      layout_cave_pools
D:7:      layout_rooms, minmay_temple_entry_butterflies, gammafunk_ghost_grave,
          minmay_misc_feat_hallway
D:8:      layout_loops_ring, serial_ice, serial_ice_c, serial_ice_e,
          serial_ice_m, serial_ice_l, serial_ice_h, serial_ice_a, serial_ice_n,
          serial_shops, shop_fountains
Temple:   kilobyte_greek_temple

Skill      XL: |  1  2  3  4  5  6  7  8  9 10 |
---------------+-------------------------------+-----
Long Blades    | 2 |  2.3
Spellcasting   | 1 2 3 4 |  4.7
Short Blades   | 1 2 3 |  3.6
Throwing       | 1 2 3 4 |  4.9
Fighting       | 4 5 6 7 |  7.2
Shields        | 4 |  4.4
Armour         | 4 |  4.7
Staves         | 2 3 |  3.0
Invocations    | 1 |  1.7

Action                   |  1- 3 |  4- 6 |  7- 9 | 10-12 || total
-------------------------+-------+-------+-------+-------++-------
Melee: Long sword        |    81 |    39 |    87 |       ||   207
       Dagger            |       |   182 |   171 |    14 ||   367
       Quarterstaff      |       |       |    60 |    27 ||    87
Throw: Dart              |       |       |    27 |       ||    27
       Stone             |       |       |    10 |       ||    10
Evoke: Wand              |       |       |    10 |     1 ||    11
  Use: Potion            |       |     3 |       |     2 ||     5
       Scroll            |       |       |     7 |     1 ||     8
Armor: Scale mail        |    31 |    86 |    96 |    24 ||   237
Dodge: Dodged            |    25 |    65 |   108 |    26 ||   224
Block: Kite shield       |    35 |   112 |   119 |       ||   266
       Rpst.: Long sword |     7 |     7 |     7 |       ||    21
